 Dungeon Sprint DCSS version 0.20.0-15-g7f486f2 (webtiles) character file.

17215 jomper the Peltast (level 12, -17/124 HPs)
             Began as a Minotaur Fighter on June 12, 2017.
             Was the Champion of Trog.
             Killed from afar by a fire giant (46 damage)
             ... with a fireball
             ... in the Dungeon (Sprint IX: "|||||||||||||||||||||||||||||") on June 13, 2017.
             The game lasted 00:14:18 (1468 turns).

jomper the Peltast (Minotaur Fighter)               Turns: 1468, Time: 00:14:19

Health: -17/124    AC: 13    Str: 39    XL:     12   Next: 16%
Magic:  0/11       EV: 15    Int: 10    God:    Trog [******]
Gold:   1355       SH: 17    Dex: 16    Spells: 11/11 levels left

rFire    . . .     SeeInvis .   A - +9 hand axe "Yseuf" {holy, *Corrode Str+3}
rCold    x . .     Gourm    .   c - +0 shield
rNeg     . . .     Faith    .   N - +0 shadow dragon scales
rPois    .         Spirit   +   l - +0 hat {Int+3}
rElec    .         Reflect  .   H - +1 cloak
rCorr    .         Harm     .   (no gloves)
MR       .....     NoTele   +   a - +0 pair of boots
Stlth    +++++.....             g - amulet of Anarchy {Spirit rC- Str+7 Dex+6}
Regen    0.7/turn               r - +2 ring of evasion
MPRegen  0.2/turn               s - +3 ring of strength

@: corroded, berserk cooldown, slowed, very slow
A: retaliatory headbutt, horns 2, clever 1, regeneration 1
a: Berserk, Trog's Hand, Brothers in Arms, Burn Spellbooks, Renounce Religion


You were in the Dungeon.
You worshipped Trog.
Trog was exalted by your worship.
You were not hungry.

You visited 1 branch You collected 1928 gold pieces.
You spent 573 gold pieces at shops.

Inventory:

Hand Weapons
 b - a cursed -1 shortbow
 d - the +1 demon blade of the Harvest {drain, rElec rC+++ Dex-3 Stlth+}
   (Trog gifted it to you in the Dungeon)

   A truly terrible weapon, it drains the life of those it strikes.
   It affects your dexterity (-3).
   It renders you almost immune to cold.
   It insulates you from electricity.
   It makes you more stealthy.
 o - the +2 scimitar of Giumif {chaos, rC- Str+3 Int+4}
   (You found it in the Dungeon)

   Each time it hits an enemy it has a different, random effect.
   It affects your strength (+3).
   It affects your intelligence (+4).
   It makes you vulnerable to cold.
 p - a +4 antimagic long sword
 A - the +9 hand axe "Yseuf" (weapon) {holy, *Corrode Str+3}
   (Trog gifted it to you in the Dungeon)

   It has been blessed by the Shining One to cause great damage to the undead
   and demons.
   It affects your strength (+3).
   It may corrode you when you take damage.
 I - a +4 flail of venom
Missiles
 t - 55 arrows
 B - 2 steel javelins (quivered)
 D - 2 tomahawks
Armour
 a - a +0 pair of boots (worn)
 c - a +0 shield (worn)
 l - a +0 hat of intelligence (worn)
 H - a +1 cloak (worn)
 N - +0 shadow dragon scales (worn)
Jewellery
 g - the amulet of Anarchy (around neck) {Spirit rC- Str+7 Dex+6}
   (You bought it in a shop in the Dungeon)

   [amulet of guardian spirit]

   It causes incoming damage to be split between your health and magic.
   It affects your strength (+7).
   It affects your dexterity (+6).
   It makes you vulnerable to cold.
 r - a +2 ring of evasion (left hand)
 s - a +3 ring of strength (right hand)
 J - a +4 ring of intelligence
 K - an uncursed ring of ice
 L - an uncursed ring of see invisible
 M - an uncursed ring of flight
Wands
 n - a wand of lightning (7/15)
 G - a wand of lightning (7/15)
Scrolls
 k - 3 scrolls of blinking
 m - 5 scrolls of remove curse
 x - 6 scrolls of enchant armour
 y - 4 scrolls of enchant weapon
 z - 2 scrolls of fear
 C - a scroll of identify
Potions
 e - 3 potions of curing
 h - 2 potions of haste
 i - 4 potions of magic
 j - 2 potions of berserk rage
 q - a potion of heal wounds
 u - 4 potions of agility
 v - 2 potions of mutation
Miscellaneous
 w - a fan of gales
Comestibles
 f - 12 bread rations
 E - 40 fruits
 F - 12 meat rations


   Skills:
 + Level 16.4 Fighting
 + Level 12.3 Long Blades
 + Level 15.8(16.0) Axes
 + Level 4.7(11.5) Maces & Flails
 + Level 15.2 Armour
 + Level 5.4 Dodging
 + Level 7.2 Stealth
 + Level 17.8 Shields


You had 11 spell levels left.
You didn't know any spells.

Dungeon Overview and Level Annotations

Branches:
Dungeon (1/1)

Altars:
Cheibriados
Dithmenos
Elyvilon
Fedhas
Gozag
Hepliaklqana
Kikubaaqudgha
Makhleb
Nemelex Xobeh
Okawaru
Qazlal
Ru
Sif Muna
Trog
Uskayaw
Vehumet
Xom
Yredelemnul
Zin
The Shining One
Beogh
Jiyva
Lugonu

Shops:
D *[:=


Innate Abilities, Weirdness & Mutations

You reflexively headbutt those who attack you in melee.
You have a pair of horns on your head.
Your mind is acute. (Int +2)
Your natural rate of healing is unusually fast.


Message History

The fire giant gestures at you while chanting.
The bolt of fire hits you!
* * * LOW HITPOINT WARNING * * *
The bolt of fire hits your cyclops.
You swap places.
The fire giant completely misses your cyclops.
Your cyclops hits the fire giant!
A leopard gecko skeleton comes into view.
You see here a runed triple sword {god gift}.
Your cyclops hits the fire giant!!!
The fire giant hits your cyclops with a great sword of flaming!!
The fire giant burns your cyclops!
Your cyclops dies!
Your cyclops's corpse disappears in a puff of smoke!
The fire giant shouts!
There is an open door to the Dungeon here.
You feel much better.
The fire giant points at you and mumbles some strange words.
The fireball explodes!
The fireball engulfs you!
You die...

▓▓▓▓▓▓▓▓▓▓▓▓▓▓▓▓▓▓▓▓▓▓▓▓▓▓▓▓
..ZF.CQ)CC'@.........[[[.[.[
▓▓▓▓▓▓▓▓▓▓▓▓▓▓▓▓▓▓▓▓▓▓▓▓▓▓▓▓▓▓▓▓▓
)................................
▓▓▓▓▓▓▓▓▓▓▓▓▓▓▓▓▓▓▓▓▓▓▓▓▓▓▓▓▓▓▓▓▓
...[.∩.∩.∩.∩.[[.))÷)........))'))
▓▓▓▓▓▓▓▓▓▓▓▓▓▓▓▓▓▓▓▓▓▓▓▓▓▓▓▓▓▓▓▓▓
.......................[.........
▓▓▓▓▓▓▓▓▓▓▓▓▓▓▓▓▓▓▓▓▓▓▓▓▓▓▓▓▓▓▓▓▓
[..'......†.÷...%.........'%.....


You could see a frost giant, a fire giant, an ettin and a tengu warrior.

Vanquished Creatures
  Gastronok (D)
  An ogre mage (D)
  Erolcha (D)
  A hydra (D)
  A tengu warrior (D)
  2 orc high priests (D)
  3 deep trolls (D)
  2 orc knights (D)
  An ugly thing (D)
  An elephant (D)
  Maurice (D)
  A rime drake (D)
  4 spiny frogs (D)
  A torpor snail (D)
  5 trolls (D)
  A tyrant leech (D)
  3 hippogriffs (D)
  A slime creature (D)
  2 blink frogs (D)
  A wyvern (D)
  A vampire (D)
  2 yaks (D)
  2 hungry ghosts (D)
  2 vampire mosquitoes (D)
  3 water moccasins (D)
  4 orc warriors (D)
  A porcupine (D)
  2 phantoms (D)
  2 centaurs (D)
  A crocodile (D)
  3 bullfrogs (D)
  2 crimson imps (D)
  4 orc priests (D)
  2 orc wizards (D)
  An iguana (D)
  An adder (D)
  A shadow imp (D)
  An adder skeleton (D)
  A leopard gecko (D)
  7 orcs (D)
  A ball python (D)
  A bat (D)
  A bat skeleton (D)
  A giant cockroach (D)
  A hobgoblin (D)
  A kobold (D)
  A bat simulacrum (D)
  2 frilled lizards (D)
86 creatures vanquished.

Vanquished Creatures (collateral kills)
  An orc high priest (D)
  3 deep trolls (D)
  A troll (D)
  5 orc warriors (D)
10 creatures vanquished.

Grand Total: 96 creatures vanquished

Notes
Turn   | Place    | Note
-------+----------+-------------------------------------------
     0 | D        | jomper the Minotaur Fighter began the quest for the Orb.
     0 | D        | Reached XP level 1. HP: 19/19 MP: 0/0
    19 | D        | Reached skill level 4 in Shields
    44 | D        | Noticed a phantom
    56 | D        | Killed a phantom
    56 | D        | Reached skill level 1 in Dodging
    56 | D        | Reached skill level 6 in Shields
    56 | D        | Reached XP level 2. HP: 27/31 MP: 1/1
    56 | D        | Reached XP level 3. HP: 33/38 MP: 2/2
    56 | D        | Reached XP level 4. HP: 40/45 MP: 3/3
    80 | D        | Found a roughly hewn altar of Beogh.
    80 | D        | Found a snail-covered altar of Cheibriados.
    80 | D        | Found a shadowy altar of Dithmenos.
    80 | D        | Found a white marble altar of Elyvilon.
    80 | D        | Found a blossoming altar of Fedhas.
    80 | D        | Found an opulent altar of Gozag.
    81 | D        | Found a hazy altar of Hepliaklqana.
    82 | D        | Found a viscous altar of Jiyva.
    83 | D        | Found an ancient bone altar of Kikubaaqudgha.
    84 | D        | Found a corrupted altar of Lugonu.
    85 | D        | Found a burning altar of Makhleb.
    86 | D        | Found a sparkling altar of Nemelex Xobeh.
    87 | D        | Found an iron altar of Okawaru.
    88 | D        | Found a stormy altar of Qazlal.
    89 | D        | Found a sacrificial altar of Ru.
    90 | D        | Found a deep blue altar of Sif Muna.
    91 | D        | Found a bloodstained altar of Trog.
    92 | D        | Found a hide-covered altar of Uskayaw.
    93 | D        | Found a radiant altar of Vehumet.
    95 | D        | Found a shimmering altar of Xom.
    96 | D        | Found a basalt altar of Yredelemnul.
    97 | D        | Found a glowing silver altar of Zin.
    98 | D        | Found a glowing golden altar of the Shining One.
   103 | D        | Became a worshipper of Trog the Wrathful
   126 | D        | Got the +2 scimitar of Giumif {chaos, rC- Str+3 Int+4}
   170 | D        | Noticed a hungry ghost
   170 | D        | Noticed a phantom
   185 | D        | Killed a phantom
   185 | D        | Reached skill level 1 in Stealth
   185 | D        | Reached skill level 7 in Shields
   185 | D        | Reached XP level 5. HP: 53/53 MP: 4/4
   197 | D        | Killed a hungry ghost
   197 | D        | Reached skill level 9 in Shields
   197 | D        | Reached XP level 6. HP: 62/63 MP: 5/5
   199 | D        | Reached * piety under Trog
   203 | D        | Reached ** piety under Trog
   224 | D        | Noticed a vampire mosquito
   230 | D        | Reached skill level 10 in Fighting
   230 | D        | Reached skill level 10 in Armour
   231 | D        | Reached *** piety under Trog
   231 | D        | Reached skill level 1 in Long Blades
   234 | D        | Killed a vampire mosquito
   234 | D        | Reached skill level 10 in Shields
   234 | D        | Reached XP level 7. HP: 71/73 MP: 6/6
   358 | D        | Gained mutation: Your natural rate of healing is unusually fast. [potion of mutation]
   358 | D        | Gained mutation: Your mind is acute. (Int +2) [potion of mutation]
   378 | D        | Noticed a rime drake
   378 | D        | Noticed an eight-headed hydra
   378 | D        | Noticed a yak
   378 | D        | Noticed a spiny frog
   379 | D        | Noticed a blink frog
   379 | D        | a spiny frog changed into a blink frog
   389 | D        | Killed a 12-headed hydra
   389 | D        | Reached **** piety under Trog
   389 | D        | Reached skill level 11 in Shields
   389 | D        | Reached XP level 8. HP: 34/83 MP: 7/7
   390 | D        | Killed a blink frog
   393 | D        | Reached skill level 12 in Shields
   398 | D        | Reached ***** piety under Trog
   400 | D        | Killed a rime drake
   400 | D        | Reached XP level 9. HP: 50/92 MP: 8/8
   404 | D        | Received a gift from Trog
   404 | D        | Reached skill level 10 in Long Blades
   407 | D        | Got a warped hand axe {god gift}
   492 | D        | Identified the +9 hand axe "Yseuf" {holy, *Corrode Str+3} (Trog gifted it to you in the Dungeon)
   494 | D        | Noticed an elephant
   498 | D        | Noticed a spiny frog
   505 | D        | Killed an elephant
   505 | D        | Reached skill level 13 in Shields
   511 | D        | Reached skill level 1 in Axes
   519 | D        | Noticed a torpor snail
   529 | D        | Received a gift from Trog
   531 | D        | Killed a spiny frog
   531 | D        | Reached XP level 10. HP: 103/103 MP: 9/9
   538 | D        | Killed a torpor snail
   538 | D        | Reached skill level 5 in Axes
   561 | D        | Noticed a spiny frog
   561 | D        | Noticed a spiny frog
   567 | D        | Killed a spiny frog
   571 | D        | Noticed a spiny frog
   576 | D        | Killed a spiny frog
   576 | D        | Reached ****** piety under Trog
   583 | D        | Reached skill level 14 in Shields
   599 | D        | Received a gift from Trog
   606 | D        | Killed a spiny frog
   610 | D        | Reached skill level 5 in Dodging
   612 | D        | Reached skill level 5 in Stealth
   614 | D        | Got an ichor-stained demon blade {god gift}
   649 | D        | Identified the +1 demon blade of the Harvest {drain, rElec rC+++ Dex-3 Stlth+} (Trog gifted it to you in the Dungeon)
   708 | D        | Noticed Maurice
   719 | D        | Killed Maurice
   794 | D        | Noticed an orc knight
   815 | D        | Killed an orc knight
   821 | D        | Received a gift from Trog
   837 | D        | Received a gift from Trog
   891 | D        | Noticed an orc high priest
   891 | D        | Noticed an orc high priest
   891 | D        | Noticed an orc knight
   912 | D        | Killed an orc knight
   912 | D        | Reached skill level 10 in Axes
   919 | D        | Noticed an orc high priest
   923 | D        | Killed an orc high priest
   923 | D        | Reached skill level 15 in Shields
   923 | D        | Reached XP level 11. HP: 111/111 MP: 6/10
   937 | D        | Killed an orc high priest
   948 | D        | Received a gift from Trog
   951 | D        | Killed an orc high priest
   951 | D        | Reached skill level 15 in Fighting
  1013 | D        | Found Utamm's Jewellery Boutique.
  1013 | D        | Noticed an ogre mage
  1013 | D        | Noticed a deep troll
  1014 | D        | Noticed a deep troll
  1027 | D        | Killed a deep troll
  1028 | D        | Received a gift from Trog
  1031 | D        | Killed an ogre mage
  1037 | D        | Killed a deep troll
  1037 | D        | Reached skill level 16 in Shields
  1040 | D        | Found Qoomod's Book Shop.
  1053 | D        | Found Ufuczoz's Armour Boutique.
  1070 | D        | Noticed a deep troll
  1081 | D        | Killed a deep troll
  1088 | D        | Found Amniumul's General Store.
  1090 | D        | Noticed a deep troll
  1091 | D        | Noticed a deep troll
  1093 | D        | Noticed a deep troll
  1104 | D        | Killed a deep troll
  1104 | D        | Received a gift from Trog
  1106 | D        | Killed a deep troll
  1107 | D        | Killed a deep troll
  1194 | D        | Bought the amulet of Anarchy {Spirit rC- Str+7 Dex+6} for 573 gold pieces
  1236 | D        | Noticed Erolcha
  1243 | D        | Killed Erolcha
  1243 | D        | Received a gift from Trog
  1291 | D        | Noticed Gastronok
  1304 | D        | Killed Gastronok
  1304 | D        | Reached skill level 15 in Axes
  1304 | D        | Reached skill level 15 in Armour
  1304 | D        | Reached skill level 17 in Shields
  1304 | D        | Reached XP level 12. HP: 122/122 MP: 11/11
  1439 | D        | Noticed a tengu warrior
  1443 | D        | Received a gift from Trog
  1444 | D        | Noticed a fire giant
  1452 | D        | Noticed a tengu warrior
  1457 | D        | Noticed a frost giant
  1461 | D        | Killed a tengu warrior
  1462 | D        | Noticed an ettin
  1464 | D        | HP: 1/124 [fire giant/bolt of fire (26)]
  1468 | D        | Killed from afar by a fire giant

Skill      XL: |  1  2  3  4  5  6  7  8  9 10 11 |
---------------+----------------------------------+-----
Fighting       | 6 8 9 10 11 12 14 16 | 16.4
Armour         | 6 8 9 10 11 12 13 15 | 15.2
Shields        | 6 7 9 10 11 12 13 15 17 | 17.8
Maces & Flails | 4 |  4.7
Dodging        | 1 2 3 4 5 |  5.4
Stealth        | 1 2 3 4 6 7 |  7.2
Long Blades    | 2 6 9 11 12 | 12.3
Axes           | 4 10 15 | 15.8

Action                   |  1- 3 |  4- 6 |  7- 9 | 10-12 || total
-------------------------+-------+-------+-------+-------++-------
Melee: Flail             |    24 |     5 |       |       ||    29
       Headbutt          |     3 |    10 |    16 |    55 ||    84
       Scimitar          |       |    34 |    27 |       ||    61
       Hand axe          |       |       |    36 |   206 ||   242
Invok: Berserk           |       |       |     1 |     5 ||     6
       Brothers in Arms  |       |       |       |     3 ||     3
  Use: Potion            |     2 |       |     3 |     6 ||    11
 Stab: Paralysed         |       |     2 |       |       ||     2
       Invisible         |       |       |       |     9 ||     9
  Eat: Chunk             |       |     3 |     2 |     7 ||    12
       Bread ration      |       |       |       |     1 ||     1
Armor: Scale mail        |    14 |     1 |       |       ||    15
       Plate armour      |       |    19 |    35 |    34 ||    88
       Shadow dragon sca |       |       |       |     3 ||     3
Dodge: Dodged            |     9 |    18 |    40 |    47 ||   114
Block: Shield            |     9 |    31 |    53 |    90 ||   183
       Rpst.: Scimitar   |       |     6 |     2 |       ||     8
